AoeStats
← BEGINER_aoe2

Arena

510736932Analyzed
1v1 RM · 20h ago on Oct 2, 2026· 19m 8s· 2 players
Game mode
Random Map
Map size
Tiny (2 player)
Population
200
Speed
Normal
Resources
Standard
Victory
Conquest
Starting age
Dark Age
Ending age
Imperial Age
RankedLock teamsTeams togetherTeam positionsShared explorationLock speedFull tech treeHidden civsTurbo modeCheats
Victory
Defeat
🇮🇳 Spanish · India
326
+20
🇺🇸 Romans · United States
408
-20
Tatertothaha
11:29 Feudal Age
13:06 Man-at-Arms
16:04 Wheelbarrow
15:33 Double-Bit Axe
15:32 Horse Collar
BEGINER_aoe2
10:46 Feudal Age
9:01 Loom
17:13 Castle Age
16:01 Double-Bit Axe
Connection lost

Rejoining the realm…

Still unreachable

The connection could not be restored.

Session expired

The server has moved on; the page needs a fresh start.